 Dungeon Crawl Stone Soup version 0.20.0-15-g7f486f2 (webtiles) character file.

77925 Shadostepz the Severer (level 15, -5/138 HPs)
             Began as a Minotaur Fighter on June 28, 2017.
             Was the Champion of Okawaru.
             Hit by a large rock thrown by a stone giant (16 damage)
             ... on level 3 of the Depths.
             The game lasted 01:58:01 (17117 turns).

Shadostepz the Severer (Minotaur Fighter)          Turns: 17117, Time: 01:58:02

Health: -5/138     AC: 24    Str: 31    XL:     15   Next: 16%
Magic:  7/18       EV: 14    Int:  5    God:    Okawaru [******]
Gold:   724        SH: 17    Dex: 16    Spells: 14/14 levels left

rFire    + + .     SeeInvis .   L - +9 broad axe of Indomitability {chop, rPois rC+ Dex+4}
rCold    + + +     Gourm    +   c - +2 shield
rNeg     . . .     Faith    .   w - +5 ring mail of Okawaru's Delight {rC++ Slay+2}
rPois    +         Spirit   .   (helmet unavailable)
rElec    +         Reflect  .   R - +2 cloak of Diusipn {rElec rF+ MR+}
rCorr    +         Harm     .   W - +2 pair of gloves {Str+3}
MR       +++..     Clarity  +   F - +2 pair of boots
Stlth    +.........             O - amulet of the gourmand
Regen    0.4/turn               l - +3 ring of strength
MPRegen  0.2/turn               k - ring of protection from magic

@: resistant, very slightly contaminated
A: retaliatory headbutt, horns 3, clarity, shaggy fur 1
a: Heroism, Finesse, Renounce Religion


You were on level 3 of the Depths.
You worshipped Okawaru.
Okawaru was exalted by your worship.
You were very hungry.

You visited 2 branches of the dungeon, and saw 18 of its levels.

You collected 1109 gold pieces.
You spent 385 gold pieces at shops.

Inventory:

Hand Weapons
 L - the +9 broad axe of Indomitability (weapon) {chop, rPois rC+ Dex+4}
   (You took it off an orc wizard on level 7 of the Dungeon)

   It inflicts extra damage upon your enemies.
   It affects your dexterity (+4).
   It protects you from cold.
   It protects you from poison.
Armour
 c - a +2 shield (worn)
 w - the +5 ring mail of Okawaru's Delight (worn) {rC++ Slay+2}
   (Okawaru gifted it to you on level 15 of the Dungeon)

   It affects your accuracy and damage with ranged weapons and melee attacks
   (+2).
   It greatly protects you from cold.
 F - a +2 pair of boots (worn)
 R - the +2 cloak of Diusipn (worn) {rElec rF+ MR+}
   (Okawaru gifted it to you on level 11 of the Dungeon)

   It protects you from fire.
   It insulates you from electricity.
   It affects your resistance to hostile enchantments.
 W - a +2 pair of gloves of strength (worn)
 X - +0 fire dragon scales
Jewellery
 k - a ring of protection from magic (right hand)
 l - a +3 ring of strength (left hand)
 O - an amulet of the gourmand (around neck)
 T - an uncursed ring of flight
 U - a +2 ring of dexterity
Wands
 h - a wand of confusion (29/48)
 r - a wand of iceblast (1/15)
 s - a wand of lightning (4/15)
 I - a wand of iceblast (4/15)
 J - a wand of digging (9/24)
 K - a wand of iceblast (11/15)
 M - a wand of acid (6/15)
 P - a wand of confusion (13/48)
 Q - a wand of polymorph (5/24)
Scrolls
 a - a scroll of silence {unknown}
 i - 14 scrolls of remove curse
 m - 3 scrolls of teleportation
 n - 2 scrolls of fog
 o - a scroll of recharging {unknown}
 q - 5 scrolls of enchant weapon
 v - a scroll of random uselessness {unknown}
 x - a scroll of fear {unknown}
 y - a scroll of magic mapping
 B - 2 scrolls of amnesia {unknown}
 G - 2 scrolls of vulnerability {unknown}
 N - a scroll of immolation {unknown}
Potions
 b - 3 potions of brilliance
 f - 4 potions of flight
 p - 2 potions of mutation
 z - a potion of magic {unknown}
 D - a potion of resistance
 S - a potion of berserk rage {unknown}
 V - a potion of agility {unknown}
Books
 d - a book of Transfigurations

   Spells                             Type                      Level
   a - Irradiate                      Conjuration/Transmutation    5
   b - Statue Form                    Transmutation/Earth          6
   c - Hydra Form                     Transmutation                6
   d - Dragon Form                    Transmutation                7
Comestibles
 g - 6 fruits
 t - 15 royal jellies
 u - 10 meat rations
 A - 5 bread rations


   Skills:
 + Level 14.2 Fighting
 + Level 19.3 Axes
 + Level 11.6 Armour
 + Level 5.3 Dodging
 + Level 14.4 Shields
 + Level 6.6 Invocations
 + Level 1.8 Evocations


You had 14 spell levels left.
You didn't know any spells.

Dungeon Overview and Level Annotations

Branches:
Dungeon (15/15)            Temple (0/1) D:7             Orc (0/2) D:9
 Vaults (0/5) D:14         Depths (3/5) D:15
   Lair: D:8-11

Altars:
Dithmenos
Fedhas
Kikubaaqudgha
Okawaru
Ru
Trog
Xom
Zin
The Shining One

Shops:
D:4 ?   D:6 *   D:10 !   D:15 :}?%   Depths:1 *

Portals:
Hell: Depths:1
Abyss: Depths:2
Ziggurat: Depths:1


Innate Abilities, Weirdness & Mutations

You reflexively headbutt those who attack you in melee.
You have a pair of large horns on your head.
You possess an exceptional clarity of mind.
You are covered in fur. (AC +1)


Message History

You headbutt the great orb of eyes, but do no damage.
The great orb of eyes is heavily wounded.
The great orb of eyes closely misses you.
You slash the great orb of eyes!
You headbutt the great orb of eyes, but do no damage.
The great orb of eyes is severely wounded.
You slash the great orb of eyes!
The great orb of eyes is almost dead.
You hit the stone giant but do no damage.
The great orb of eyes gazes at you. You resist with almost no effort.
You slice the great orb of eyes like a ripe choko!!!
You kill the great orb of eyes!
Okawaru accepts your kill.
You hit the stone giant but do no damage.
The stone giant hits you but does no damage.
The water elemental barely misses you. You furiously retaliate!
You headbutt the water elemental!!
The stone giant throws a large rock.
The large rock hits you!
You die...

##
.#####.##########
.......C.@(......
.≈..#..E.........
≈≈..##.(.......##
≈P≈....)......##
≈P.≈......#.....
≈≈≈.≈../..##.....
≈≈P≈.≈.....##....
≈≈≈≈≈≈.<....#...#
P≈≈≈≈≈......#


You could see a stone giant and a water elemental.

Vanquished Creatures
  Frances (D:13)
  Roxanne (D:14)
  A frost giant (Depths:1)
  A fire giant (Depths:2)
  3 stone giants
  The ghost of mythresam the Bludgeoner, a journeyman GrFi of Hepliaklqana (D:12)
  A fire dragon (Depths:1)
  5 jiangshi
  A rakshasa (Depths:1)
  2 ogre magi (Depths:1)
  6 great orbs of eyes
  Fannar (D:11)
  An ice dragon (Depths:1)
  A hydra (D:15)
  A vault guard (D:14)
  A death knight (D:15)
  8 centaur warriors
  2 vampire magi
  10 two-headed ogres
  A tengu warrior (D:14)
  2 spriggan berserkers (Depths:2)
  A skeletal warrior (D:12)
  5 hell knights
  The ghost of VanVeen the Changer, a novice DgTm (D:7)
  3 unseen horrors
  A glowing orange brain (shapeshifter) (D:15)
  A glowing orange brain (Depths:1)
  2 phantasmal warriors (D:15)
  2 necromancers (Depths:1)
  A wizard (Depths:2)
  Pikel (D:9)
  2 cyclopes
  A salamander (D:15)
  13 ugly things
  A deep elf mage (D:15)
  A manticore (D:15)
  Joseph (D:7)
  3 centaur skeletons
  2 gargoyles
  10 yaktaurs
  A komodo dragon (D:14)
  The ghost of flibbers the Grave Robber, an amateur DDNe of Makhleb (D:6)
  5 trolls
  A hellwing (Depths:2)
  3 hippogriffs
  3 hornets
  11 slime creatures
  A redback (shapeshifter) (Depths:1)
  A shadow (D:13)
  2 spriggans (Depths:2)
  A water elemental (Depths:3)
  25 yaks
  4 wraiths (D:15)
  A vampire (D:13)
  2 wyverns
  A basilisk (D:11)
  Grum (D:9)
  A vampire mosquito (D:14)
  An acid dragon (D:11)
  2 water moccasins
  2 porcupines (D:9)
  2 sky beasts
  8 orc warriors
  4 ice beasts
  4 slaves (D:9)
  3 eyes of draining
  3 wolves (D:9)
  2 boggarts (Depths:2)
  A necrophage (D:14)
  10 ogres
  4 crocodiles
  12 centaurs
  6 big kobolds
  A big kobold (shapeshifter) (Depths:1)
  8 bullfrogs
  6 killer bees (D:11)
  5 scorpions
  4 wights (D:12)
  5 howler monkeys
  10 crimson imps
  2 centaur zombies
  A quasit (D:14)
  8 hounds
  6 jellies
  5 orc priests
  A bullfrog skeleton (D:5)
  A gnoll shaman (D:5)
  6 orc wizards
  Ijyb (D:3)
  6 iguanas
  7 worker ants
  8 adders
  9 gnolls
  4 shadow imps
  5 oozes (D:14)
  3 adder skeletons
  2 adder zombies
  3 leopard geckos
  53 orcs
  2 ball pythons
  6 bats
  7 giant cockroaches
  8 goblins
  8 hobgoblins
  2 jackals (D:9)
  34 kobolds
  2 quokkas (D:6)
  4 frilled lizards
  A jackal skeleton (D:4)
  7 rats
  3 fungi (D:9)
  11 plants
497 creatures vanquished.

Vanquished Creatures (others)
  A necromancer (Depths:1)
  2 fungi (D:9)
  A plant (D:9)
4 creatures vanquished.

Grand Total: 501 creatures vanquished

Notes
Turn   | Place    | Note
-------+----------+-------------------------------------------
     0 | D:1      | Shadostepz the Minotaur Fighter began the quest for the Orb.
     0 | D:1      | Reached XP level 1. HP: 19/19 MP: 0/0
   248 | D:1      | Reached XP level 2. HP: 27/27 MP: 1/1
  1108 | D:2      | Found a faded altar of an unknown god.
  1146 | D:2      | Became a worshipper of Warmaster Okawaru
  1146 | D:2      | Reached * piety under Okawaru
  1185 | D:2      | Reached XP level 3. HP: 33/33 MP: 2/2
  1279 | D:2      | Reached skill level 3 in Axes
  1898 | D:2      | Found a bloodstained altar of Trog.
  2058 | D:3      | Reached XP level 4. HP: 35/40 MP: 3/3
  2508 | D:3      | Found a blossoming altar of Fedhas.
  2829 | D:3      | Noticed Ijyb
  2839 | D:3      | Killed Ijyb
  2839 | D:3      | Reached skill level 4 in Axes
  3028 | D:4      | Found Beerasche's Magic Scroll Shoppe.
  3058 | D:4      | Bought a scroll of identify for 22 gold pieces
  3058 | D:4      | Bought a scroll of identify for 22 gold pieces
  3286 | D:4      | Reached skill level 1 in Dodging
  3286 | D:4      | Reached XP level 5. HP: 44/46 MP: 4/4
  3310 | D:4      | Noticed an ogre
  3321 | D:4      | Killed an ogre
  3321 | D:4      | Reached skill level 5 in Axes
  3426 | D:4      | HP: 2/47 [gnoll/spear (3)]
  3440 | D:4      | Reached XP level 6. HP: 14/53 MP: 2/5
  3446 | D:4      | Reached skill level 5 in Armour
  3695 | D:5      | Entered Level 5 of the Dungeon
  3706 | D:5      | Found a sand-covered staircase.
  3844 | D:5      | Reached skill level 5 in Shields
  4023 | D:5      | Reached ** piety under Okawaru
  4023 | D:5      | Reached skill level 6 in Axes
  4023 | D:5      | Reached XP level 7. HP: 58/60 MP: 6/6
  4556 | D:6      | Reached skill level 5 in Fighting
  4556 | D:6      | Reached skill level 7 in Axes
  4624 | D:6      | Found a shimmering altar of Xom.
  4689 | D:6      | Found Tuwkapn's Assorted Antiques.
  4712 | D:6      | Reached XP level 8. HP: 51/68 MP: 4/7
  4722 | D:6      | Reached skill level 1 in Invocations
  4983 | D:6      | Reached *** piety under Okawaru
  5013 | D:6      | Reached skill level 8 in Axes
  5051 | D:6      | Noticed flibbers's ghost (amateur DDNe)
  5073 | D:6      | Killed flibbers's ghost
  5116 | D:6      | Reached skill level 9 in Axes
  5261 | D:6      | Reached **** piety under Okawaru
  5439 | D:7      | Noticed VanVeen's ghost (novice DgTm)
  5459 | D:7      | Killed VanVeen's ghost
  5459 | D:7      | Reached skill level 10 in Axes
  5459 | D:7      | Reached XP level 9. HP: 56/78 MP: 6/9
  5543 | D:7      | Noticed Joseph
  5557 | D:7      | Killed Joseph
  5557 | D:7      | Reached ***** piety under Okawaru
  5557 | D:7      | Reached skill level 1 in Evocations
  5811 | D:7      | Found a staircase to the Ecumenical Temple.
  5956 | D:7      | Got a fine broad axe {chop}
  5978 | D:7      | Identified the +9 broad axe of Indomitability {chop, rPois rC+ Dex+4} (You took it off an orc wizard on level 7 of the Dungeon)
  6028 | D:7      | Received a gift from Okawaru
  6125 | D:7      | Found a glowing silver altar of Zin.
  6265 | D:8      | Reached skill level 11 in Axes
  6322 | D:8      | Got a warped leather armour
  6323 | D:8      | Identified the cursed +0 leather armour of the Black Moon {rC+} (You found it on level 8 of the Dungeon)
  6500 | D:8      | Reached XP level 10. HP: 77/86 MP: 10/10
  6927 | D:9      | Noticed Pikel
  6963 | D:9      | Killed Pikel
  7115 | D:9      | Noticed Grum
  7118 | D:9      | Reached skill level 12 in Axes
  7123 | D:9      | Killed Grum
  7123 | D:9      | Received a gift from Okawaru
  7143 | D:9      | Found an ancient bone altar of Kikubaaqudgha.
  7143 | D:9      | Found a sacrificial altar of Ru.
  7144 | D:9      | Found a glowing golden altar of the Shining One.
  7247 | D:9      | Found a staircase to the Orcish Mines.
  7578 | D:9      | Found a shadowy altar of Dithmenos.
  7842 | D:10     | Entered Level 10 of the Dungeon
  8896 | D:10     | Reached skill level 13 in Axes
  8917 | D:10     | Found Ritog's Distillery.
  8920 | D:10     | Bought a potion of heal wounds for 70 gold pieces
  8920 | D:10     | Bought a potion of curing for 42 gold pieces
  8920 | D:10     | Bought a potion of heal wounds for 70 gold pieces
  9288 | D:11     | Killed an unseen horror
  9352 | D:11     | Killed an unseen horror
  9352 | D:11     | Reached XP level 11. HP: 70/95 MP: 3/12
  9382 | D:11     | Noticed Fannar
  9393 | D:11     | Killed Fannar
  9482 | D:11     | Received a gift from Okawaru
  9482 | D:11     | Reached skill level 10 in Shields
  9483 | D:11     | Got a pitted cloak {god gift}
  9489 | D:11     | Identified the +2 cloak of Diusipn {rElec rF+ MR+} (Okawaru gifted it to you on level 11 of the Dungeon)
  9506 | D:11     | Reached skill level 14 in Axes
 10046 | D:11     | You fall through a shaft for 3 floors!
 10047 | D:14     | Noticed a two-headed ogre
 10057 | D:14     | Killed a two-headed ogre
 10124 | D:12     | Noticed a two-headed ogre
 10130 | D:12     | Killed a two-headed ogre
 10326 | D:12     | Noticed mythresam's ghost (journeyman GrFi)
 10349 | D:12     | Killed mythresam's ghost
 10493 | D:12     | Reached skill level 15 in Axes
 11023 | D:12     | Noticed a skeletal warrior
 11034 | D:12     | Killed a skeletal warrior
 11034 | D:12     | Reached skill level 10 in Fighting
 11213 | D:12     | Reached XP level 12. HP: 106/106 MP: 13/13
 11363 | D:13     | Noticed Frances
 11374 | D:13     | Killed Frances
 11374 | D:13     | Reached skill level 10 in Armour
 11432 | D:13     | Found Adwochent's Assorted Antiques.
 11540 | D:13     | Received a gift from Okawaru
 12242 | D:14     | Reached skill level 16 in Axes
 12356 | D:14     | Noticed a centaur warrior
 12371 | D:14     | Killed a centaur warrior
 12725 | D:14     | Received a gift from Okawaru
 12730 | D:14     | Got a crude executioner's axe {god gift}
 13051 | D:14     | Noticed a centaur warrior
 13057 | D:14     | Killed a centaur warrior
 13193 | D:14     | Noticed a centaur warrior
 13196 | D:14     | Found a gate to the Vaults.
 13199 | D:14     | Noticed a centaur warrior
 13199 | D:14     | Killed a centaur warrior
 13199 | D:14     | Reached XP level 13. HP: 116/116 MP: 13/15
 13352 | D:14     | Noticed Roxanne
 13620 | D:14     | Killed Roxanne
 13620 | D:14     | Reached skill level 17 in Axes
 13654 | D:15     | Entered Level 15 of the Dungeon
 13660 | D:15     | HP: 2/116 [yaktaur/bolt (8)]
 13668 | D:15     | HP: 1/116 [yaktaur/bolt (19)]
 13723 | D:15     | Received a gift from Okawaru
 13729 | D:15     | Got a slimy ring mail {god gift}
 13740 | D:15     | Identified the +5 ring mail of Okawaru's Delight {rC++ Slay+2} (Okawaru gifted it to you on level 15 of the Dungeon)
 14072 | D:15     | Found Caod's Food Boutique.
 14074 | D:15     | Reached skill level 5 in Invocations
 14091 | D:15     | Bought a bread ration for 55 gold pieces
 14091 | D:15     | Bought a meat ration for 55 gold pieces
 14451 | D:15     | Found Ejues's Magic Scroll Shoppe.
 14460 | D:15     | Found Deafao's Gadget Shoppe.
 14488 | D:15     | Bought a scroll of magic mapping for 49 gold pieces
 14642 | D:15     | Found a staircase to the Depths.
 15011 | D:15     | Found Jilouch's Book Emporium.
 15127 | Depths:1 | Entered Level 1 of the Depths
 15149 | Depths:1 | Found a gateway to Hell.
 15248 | Depths:1 | Reached skill level 18 in Axes
 15478 | Depths:1 | Noticed a jiangshi
 15478 | Depths:1 | Noticed a jiangshi
 15584 | Depths:1 | Noticed a fire dragon
 15584 | Depths:1 | Noticed a frost giant
 15594 | Depths:1 | Received a gift from Okawaru
 15594 | Depths:1 | Reached XP level 14. HP: 127/127 MP: 8/16
 15603 | Depths:1 | Killed a frost giant
 15691 | Depths:1 | Gained mutation: You possess an exceptional clarity of mind. [potion of mutation]
 15691 | Depths:1 | Gained mutation: You have a pair of large horns on your head. [potion of mutation]
 15691 | Depths:1 | Gained mutation: You are covered in fur. (AC +1) [potion of mutation]
 15885 | Depths:1 | Received a gift from Okawaru
 16061 | Depths:1 | Found a gateway to a ziggurat.
 16138 | Depths:1 | Noticed a stone giant
 16150 | Depths:1 | Killed a stone giant
 16343 | Depths:1 | Reached ****** piety under Okawaru
 16346 | Depths:1 | Received a gift from Okawaru
 16409 | Depths:1 | Found Uqaj's General Store.
 16635 | Depths:1 | Received a gift from Okawaru
 16701 | Depths:2 | Noticed a stone giant
 16708 | Depths:2 | Noticed a fire giant
 16720 | Depths:2 | Killed a fire giant
 16720 | Depths:2 | Reached skill level 19 in Axes
 16726 | Depths:2 | Killed a stone giant
 16740 | Depths:2 | Reached XP level 15. HP: 106/138 MP: 13/18
 16937 | Depths:2 | Reached skill level 5 in Dodging
 17033 | Depths:2 | Found a one-way gate to the infinite horrors of the Abyss.
 17063 | Depths:2 | Noticed a frost giant
 17094 | Depths:2 | HP: 4/138 [balrug/fireball (11)]
 17106 | Depths:3 | Received a gift from Okawaru
 17117 | Depths:3 | Hit by a large rock thrown by a stone giant

Skill      XL: |  1  2  3  4  5  6  7  8  9 10 11 12 13 14 15 |
---------------+----------------------------------------------+-----
Armour         | 4 5 6 7 8 9 10 11 | 11.6
Shields        | 4 5 6 8 9 10 12 13 14 | 14.4
Axes           | 3 4 5 6 7 10 11 13 15 16 18 19 | 19.3
Fighting       | 4 5 6 7 8 10 11 12 14 | 14.2
Dodging        | 1 3 4 5 |  5.3
Invocations    | 1 2 3 4 5 6 |  6.6
Evocations     | 1 |  1.8

Action                   |  1- 3 |  4- 6 |  7- 9 | 10-12 | 13-15 || total
-------------------------+-------+-------+-------+-------+-------++-------
Melee: War axe           |    84 |   134 |   195 |       |       ||   413
       Headbutt          |     7 |    21 |    55 |   109 |   129 ||   321
       Broad axe         |       |       |    44 |   443 |   357 ||   844
Invok: Heroism           |       |     3 |     6 |    10 |    11 ||    30
       Finesse           |       |       |     1 |     8 |    11 ||    20
Evoke: Wand              |       |     1 |     6 |     5 |     7 ||    19
  Use: Scroll            |     1 |     7 |     6 |     8 |     6 ||    28
       Potion            |       |     2 |       |     3 |    20 ||    25
 Stab: Invisible         |       |       |       |       |     2 ||     2
  Eat: Fruit             |     2 |       |       |     1 |     2 ||     5
       Bread ration      |       |     1 |     2 |     3 |       ||     6
       Meat ration       |       |     1 |       |     1 |     2 ||     4
Armor: Scale mail        |    46 |       |       |       |       ||    46
       Plate armour      |    11 |    73 |   114 |   157 |    14 ||   369
       Ring mail         |       |       |       |       |    61 ||    61
       Skin              |       |       |       |       |     3 ||     3
Dodge: Dodged            |    28 |    38 |    52 |    71 |    92 ||   281
Block: Shield            |    51 |    67 |   136 |   251 |   242 ||   747
